 Dungeon Crawl Stone Soup version bcrawl-1.15-1-g696c4cd9b6 (webtiles) character file.

Game seed: 5978024983526923854

72 Kairok the Sneak (level 4, 0/26 HPs)
             Began as a Vine Stalker Rogue on Sept 23, 2019.
             Slain by a gnoll
             ... wielding a +0 halberd
              (8 damage)
             ... on level 2 of the Dungeon.
             The game lasted 00:03:12 (1302 turns).

Kairok the Sneak (Vine Stalker Rogue)               Turns: 1302, Time: 00:03:13

Health: 0/26       AC:  3    Str: 14    XL:     4   Next: 25%
Magic:  6/6        EV: 12    Int: 11    God:
Gold:   66         SH:  0    Dex: 16    Spells: 3/3 levels left

rFire    . . .     SeeInvis .   a - +2 dagger
rCold    . . .     Gourm    .   (no shield)
rNeg     . . .     Faith    .   c - +0 robe
rPois    .         Spirit   .   (no helmet)
rElec    .         Reflect  .   d - +0 cloak
rCorr    .         Harm     .   (no gloves)
MR       .....                  (no boots)
Stlth    ++++......             (no amulet)
HPRegen  0.48/turn              (no ring)
MPRegen  0.10/turn              (no ring)

@: no status effects
A: fangs 2, regeneration 1, no potion heal 3, rot immunity, strong jaws
a: no special abilities


You were on level 2 of the Dungeon.
You were not hungry.

You visited 1 branch of the dungeon, and saw 2 of its levels.

You collected 66 gold pieces.

Inventory:

Hand Weapons
 a - a +2 dagger (weapon)
 b - a +0 blowgun
Missiles
 e - 80 poisoned needles
Armour
 c - a +0 robe (worn)
 d - a +0 cloak (worn)
 r - a scarf of repulsion
Wands
 f - a wand of flame (11)
 g - a wand of enslavement (15)
Scrolls
 i - a scroll of amnesia {unknown}
 k - 2 scrolls of blinking
 l - a scroll of remove curse {unknown}
 n - a scroll of noise {unknown}
 o - a scroll of fog {unknown}
 p - 2 scrolls of teleportation {unknown}
Potions
 j - a potion of invisibility
 q - a potion of lignification
 s - 2 potions of agility
Comestibles
 h - 4 rations {!d}


   Skills:
 + Level 2.0 Fighting
 + Level 2.2 Short Blades
 + Level 1.0 Dodging
 + Level 7.3 Stealth
 + Level 1.8 Evocations


You had 3 spell levels left.
You didn't know any spells.
Your spell library was empty.

Dungeon Overview and Level Annotations

Branches:
Dungeon (2/12)

Altars:
Gozag


Innate Abilities, Weirdness & Mutations

You have extremely sharp teeth.
Your natural rate of healing is unusually fast.
Potions cannot restore your health.
You are immune to rotting.
Your bites deal extra damage.


Message History

You are too injured to fight recklessly!
You barely miss the gnoll. You bite the gnoll, but do no damage.
The gnoll barely misses you.
You closely miss the gnoll. You hit the gnoll.
The gnoll is moderately wounded.
The gnoll hits you with a +0 halberd.
You barely miss the gnoll. Your bite misses the gnoll.
The gnoll is moderately wounded.
The gnoll hits you with a +0 halberd.
* * * LOW HITPOINT WARNING * * *
You hit the gnoll.
The gnoll is moderately wounded.
The gnoll misses you.
You hit the gnoll. Your bite misses the gnoll.
The gnoll is heavily wounded.
You closely miss the gnoll.
The gnoll is heavily wounded.
The gnoll hits you with a +0 halberd!
You die...

##.##. #.g.###
#.#.. ##..##..
#.#.# #...r..#
#.#.######..#####
#.#.#.......##.<.
#.#...#####.##...
####..### ####...
######.....# #...
#......@.### #...
#.....g..# ####
#........#
#........#
#......%.#
#........#
#........#
##########


You could see a gnoll.

Vanquished Creatures
  2 gnolls (D:1)
  An ooze (D:1)
  3 dart slugs
  A leopard gecko (D:2)
  2 giant cockroaches (D:1)
  5 hobgoblins
  9 jackals
  4 bats (D:1)
  4 goblins
  6 kobolds (D:1)
  A rat (D:1)
38 creatures vanquished.

Notes
Turn   | Place    | Note
-------+----------+-------------------------------------------
     0 | D:1      | Kairok the Vine Stalker Rogue began the quest for the Orb.
     0 | D:1      | Reached XP level 1. HP: 12/12 MP: 3/3
    60 | D:1      | Reached skill level 6 in Stealth
    84 | D:1      | Reached XP level 2. HP: 17/17 MP: 4/4
   195 | D:1      | Reached XP level 3. HP: 21/21 MP: 5/5
   221 | D:1      | Reached skill level 7 in Stealth
   834 | D:2      | Found an opulent altar of Gozag.
   911 | D:1      | Reached XP level 4. HP: 11/26 MP: 6/6
  1131 | D:1      | Reached skill level 1 in Dodging
  1302 | D:2      | Slain by a gnoll

Skill      XL: |  1  2  3  4 |
---------------+-------------+-----
Stealth        | 6 7 |  7.3
Short Blades   | 2 |  2.2
Fighting       | 2 |  2.0
Dodging        | 1 |  1.0
Evocations     | |  1.8

Action                   |  1- 3 |  4- 6 || total
-------------------------+-------+-------++-------
Melee: Dagger            |    94 |    15 ||   109
       Bite              |    12 |     1 ||    13
Evoke: Wand              |       |     4 ||     4
  Use: Scroll            |     1 |     2 ||     3
       Potion            |     1 |       ||     1
 Stab: Sleeping          |     8 |     2 ||    10
       Distracted        |     1 |       ||     1
  Eat: Chunk             |       |     1 ||     1
Armor: Robe              |    17 |       ||    17
Dodge: Dodged            |    51 |     5 ||    56
